 Dungeon Crawl Stone Soup version 0.20-a0-553-g9f38e11 (webtiles) character file.

261 drasked the Chopper (level 5, -3/48 HPs)
             Began as a Minotaur Berserker on Feb 3, 2017.
             Was a Believer of Trog.
             Slain by an iguana (12 damage)
             ... on level 4 of the Dungeon.
             The game lasted 00:04:50 (2004 turns).

drasked the Chopper (Minotaur Berserker)            Turns: 2004, Time: 00:04:51

Health: -3/48      AC:  2    Str: 21    XL:     5   Next: 96%
Magic:  4/4        EV: 12    Int:  5    God:    Trog [**....]
Gold:   140        SH:  0    Dex: 10    Spells: 4/4 levels left

rFire    . . .     SeeInvis .   a - +0 hand axe
rCold    . . .     Gourm    .   b - +0 animal skin
rNeg     . . .     Faith    .   (no shield)
rPois    .         Spirit   .   (helmet restricted)
rElec    .         Reflect  .   (no cloak)
rCorr    .         Harm     .   (no gloves)
MR       .....                  (no boots)
Stlth    +.........             (no amulet)
Regen    0.2/turn               (no ring)
                                (no ring)

@: no status effects
A: retaliatory headbutt, horns 2
a: Berserk, Trog's Hand, Burn Spellbooks, Renounce Religion


You were on level 4 of the Dungeon.
You worshipped Trog.
Trog was pleased with you.
You were hungry.

You visited 1 branch of the dungeon, and saw 4 of its levels.

You collected 140 gold pieces.

Inventory:

Hand Weapons
 a - a +0 hand axe (weapon)
Armour
 b - a +0 animal skin (worn)
 n - a +0 pair of gloves
   (You found it on level 3 of the Dungeon)
Jewellery
 h - an uncursed ring of stealth {unknown}
   (You found it on level 2 of the Dungeon)
 q - an uncursed ring of protection from fire {unknown}
   (You found it on level 3 of the Dungeon)
Wands
 p - a wand of polymorph (10/24)
   (You found it on level 3 of the Dungeon)
Scrolls
 j - a scroll of immolation {unknown}
 k - a scroll of blinking {unknown}
 s - a scroll of teleportation {unknown}
 t - a scroll of identify {unknown}
 u - a scroll of amnesia {unknown}
Potions
 d - 2 potions of lignification {unknown}
 e - a potion of haste {unknown}
 f - a potion of cure mutation {unknown}
 i - a potion of mutation {unknown}
 l - 2 potions of berserk rage {unknown}
 m - a potion of degeneration {unknown}
 o - a potion of brilliance {unknown}
 r - a potion of invisibility {unknown}
Comestibles
 c - 4 bread rations {@e1}
 g - a fruit


   Skills:
 + Level 5.2 Fighting
 * Level 6.2 Axes
 + Level 4.0 Armour
 - Level 2.1 Dodging


You had 4 spell levels left.
You didn't know any spells.

Dungeon Overview and Level Annotations

Branches:
Dungeon (4/15)
 Temple: D:4-7

Altars:
Cheibriados
Kikubaaqudgha
Uskayaw


Innate Abilities, Weirdness & Mutations

You reflexively headbutt those who attack you in melee.
You have a pair of horns on your head.


Message History

You headbutt the phantom. You barely miss the phantom. The phantom hits you!
The phantom blinks!
You take 7 damage, and have 22/47 hp.
You see here a hound corpse.
You butcher the hound corpse.
Things that are here:
2 chunks of flesh {@w0}; a hound skeleton
v - 2 chunks of flesh {@w0} Eat one of 2 chunks of flesh {@w0}? (ye/n/q)
You eat one of the 2 chunks of flesh {@w0}.
You are feeling hungry.
Eat a chunk of flesh {@w0}? (ye/n/q)
You eat the chunk of flesh {@w0}.
You are too injured to fight recklessly!
You closely miss the phantom.
The phantom blinks!
You hit the phantom but do no damage. The phantom hits you.
The phantom blinks!
You take 2 damage, and have 21/47 hp.
The phantom blinks!
You hit the phantom but do no damage. The phantom hits you!
* * * LOW HITPOINT WARNING * * *
The phantom blinks!
You take 7 damage, and have 14/47 hp.
You start resting.
You barely miss the phantom. The phantom hits you.
* * * LOW HITPOINT WARNING * * *
You take 2 damage, and have 14/47 hp.
You slash the phantom! You headbutt the phantom! The phantom hits you.
* * * LOW HITPOINT WARNING * * *
The phantom blinks!
You take 1 damage, and have 13/47 hp.
The phantom blinks!
The phantom blinks!
The phantom blinks!
The phantom blinks!
The phantom closely misses you.
You hit the phantom. The phantom hits you.
The phantom blinks!
The phantom blinks!
You hit the phantom. You headbutt the phantom! The phantom hits you.
You take 2 damage, and have 15/47 hp.
You barely miss the phantom. Your headbutt misses the phantom.
The phantom blinks!
The phantom blinks!
The phantom blinks!
You hit the phantom.
The phantom blinks!
You hit the phantom. The phantom hits you!
* * * LOW HITPOINT WARNING * * *
You take 10 damage, and have 7/47 hp.
MASSIVE DAMAGE!!
You hit the phantom.
You destroy the phantom!
Trog accepts your kill.
Your Fighting skill increases to level 5!
Your Axes skill increases to level 6!
Your Armour skill increases to level 4!
You start resting.
An adder comes into view.
You regained 16 hp, and now have 23/48 hp.
An adder is nearby!
You are too injured to fight recklessly!
The adder hisses angrily.
You are too injured to fight recklessly!
You are too injured to fight recklessly!
You barely miss the adder. The adder bites you but does no damage.
You hit the adder. Your headbutt misses the adder. The adder bites you.
You are poisoned.
The adder poisons you!
You take 5 damage, and have 19/48 hp.
You closely miss the adder. Your headbutt misses the adder.
You feel sick. The adder closely misses you. The adder bites you.
You take 4 damage, and have 15/48 hp.
You closely miss the adder. The adder barely misses you.
Unknown command.
You closely miss the adder.
You feel sick. The adder closely misses you. You furiously retaliate!
You headbutt the adder. You hit the adder. Your headbutt misses the adder.
The adder closely misses you.
You miss the adder. Your headbutt misses the adder.
You feel sick. The adder closely misses you. You furiously retaliate!
You headbutt the adder!
You kill the adder!
Trog accepts your kill.
You take 1 damage, and have 14/48 hp.
You start resting.
You feel sick. x5
You are no longer poisoned.
You take 2 damage, and have 12/48 hp.
You start resting.
You are feeling hungry.
You regained 6 hp, and now have 18/48 hp.
You start resting.
An iguana is nearby!
The iguana hisses angrily.
You hit the iguana. Your headbutt misses the iguana. The iguana bites you!
* * * LOW HITPOINT WARNING * * *
You take 8 damage, and have 12/48 hp.
You closely miss the iguana. You headbutt the iguana!
The iguana closely misses you.
You hit the iguana. You headbutt the iguana. The iguana bites you.
* * * LOW HITPOINT WARNING * * *
You take 3 damage, and have 9/48 hp.
You hit the iguana. The iguana bites you!
You die...

#. #.# #### # #.# #... #. #.#
#... #.####.# #...
.......######### ##... #
#............##### #.... §
#.#.##..l@.........# #....
..≈#....#.#######.###.###....
..≈h..#...# ##...##........
#)..#.# #.#...W.....###
##.##.# ##.#.######## # ...
?.# ##.## # ..... ..# ### #
#..... ..# # ..........# #


You could see an iguana.

Vanquished Creatures
  A phantom (D:4)
  A bullfrog (D:3)
  A hound (D:4)
  2 adders
  2 worms
  4 leopard geckos
  3 orcs (D:3)
  4 giant cockroaches
  10 goblins
  5 hobgoblins
  4 bats
  3 frilled lizards
  5 kobolds
  4 rats
49 creatures vanquished.

Vanquished Creatures (others)
  A worker ant (D:4)
  A gnoll (D:4)
2 creatures vanquished.

Grand Total: 51 creatures vanquished

Notes
Turn   | Place    | Note
-------+----------+-------------------------------------------
     0 | D:1      | drasked the Minotaur Berserker began the quest for the Orb.
     0 | D:1      | Reached XP level 1. HP: 19/19 MP: 0/0
   111 | D:1      | You fall through a shaft!
   117 | D:2      | Reached skill level 4 in Axes
   120 | D:2      | Reached XP level 2. HP: 20/27 MP: 1/1
   301 | D:2      | Reached skill level 4 in Fighting
   402 | D:2      | Found a hide-covered altar of Uskayaw.
   402 | D:2      | Found an ancient bone altar of Kikubaaqudgha.
   405 | D:2      | Found a snail-covered altar of Cheibriados.
   449 | D:2      | Found a faded altar of an unknown god.
   587 | D:2      | Reached XP level 3. HP: 21/33 MP: 2/2
   995 | D:3      | Reached skill level 3 in Armour
  1186 | D:3      | Noticed a bullfrog
  1190 | D:3      | Reached ** piety under Trog
  1194 | D:3      | Killed a bullfrog
  1194 | D:3      | Reached skill level 5 in Axes
  1194 | D:3      | Reached XP level 4. HP: 38/41 MP: 3/3
  1732 | D:4      | Noticed a phantom
  1746 | D:4      | Reached XP level 5. HP: 28/47 MP: 4/4
  1823 | D:4      | HP: 7/47 [phantom (10)]
  1824 | D:4      | Killed a phantom
  1824 | D:4      | Reached skill level 5 in Fighting
  1824 | D:4      | Reached skill level 6 in Axes
  1824 | D:4      | Reached skill level 4 in Armour
  1947 | D:4      | HP: 12/48 [poisoned by an adder]
  2001 | D:4      | HP: 12/48 [iguana (8)]
  2004 | D:4      | Slain by an iguana

Vault maps used:
D:1:      dpeg_arrival_more_subterranean_lakeside_camping,
          grunt_decor_arrowhead, serial_bayou_pond_c, minmay_split_cup_large
D:2:      nicolae_overflow_hidden_temple, chequers_ecumenical_altar_simple_redux
D:4:      minmay_temple_entry_junction_2, first_bread, xom_confusion_cloud

Skill      XL: |  1  2  3  4  5 |
---------------+----------------+-----
Axes           | 4 5 6 |  6.2
Fighting       | 4 5 |  5.2
Armour         | 3 4 |  4.0
Dodging        | |  2.1

Action                   |  1- 3 |  4- 6 || total
-------------------------+-------+-------++-------
Melee: Hand axe          |    72 |    66 ||   138
       Headbutt          |    13 |    13 ||    26
  Eat: Chunk             |     1 |     2 ||     3
Armor: Animal skin       |    10 |     5 ||    15
Dodge: Dodged            |    44 |    30 ||    74

Vault maps used:
D:1:      dpeg_arrival_more_subterranean_lakeside_camping,
          grunt_decor_arrowhead, serial_bayou_pond_c, minmay_split_cup_large
D:2:      nicolae_overflow_hidden_temple, chequers_ecumenical_altar_simple_redux
D:4:      minmay_temple_entry_junction_2, first_bread, xom_confusion_cloud

Table legend:
 A = Turns spent in this place as a percentage of turns spent in the entire game.
 B = Non-inter-level travel turns spent in this place as a percentage of non-inter-level travel turns spent in the entire game.
 C = Inter-level travel turns spent in this place as a percentage of turns spent in this place.
 D = Turns resting spent in this place as a percentage of non-inter-level travel turns spent in this place.
 E = Turns spent auto-exploring this place as a percentage of non-inter-level travel turns spent in this place.
 F = Non-inter-level travel turns spent in this place divided by the number of levels of this place that you've seen.
                   A       B       C       D       E      F
               +-------+-------+-------+-------+-------+----------------------
         Total | 100.0 | 100.0 |   0.6 |   3.7 |  11.4 | 161.8
       Dungeon | 100.0 | 100.0 |   0.6 |   3.7 |  11.4 | 161.8
               +-------+-------+-------+-------+-------+----------------------

Table legend:
 A = Kills in this place as a percentage of kills in entire the game.
 B = Kills by you in this place as a percentage of kills by you in the entire game.
 C = Kills by friends in this place as a percentage of kills by friends in the entire game.
 D = Other kills in this place as a percentage of other kills in the entire game.
 E = Experience gained in this place as a percentage of experience gained in the entire game.
 F = Experience gained in this place divided by the number of levels of this place that you have seen.
                   A       B       C       D       E      F
               +-------+-------+-------+-------+-------+----------------------
         Total | 100.0 | 100.0 |  -nan |  -nan | 100.0 |  93.2
       Dungeon | 100.0 | 100.0 |  -nan |  -nan | 100.0 |  93.2
               +-------+-------+-------+-------+-------+----------------------
